 Dungeon Crawl Stone Soup version 0.30-a0-1116-gebefce21f7 (webtiles) character file.

Game seed: 6051058150388995743

548 kae the Digger (level 7, -16/36 HPs)
             Began as a Gargoyle Earth Elementalist on Apr 21, 2023.
             Was an Initiate of Vehumet.
             Engulfed by a cloud of flame (23 damage)
             ... on level 5 of the Dungeon.
             The game lasted 00:03:43 (4206 turns).

kae the Digger (Gargoyle Earth Elementalist)        Turns: 4206, Time: 00:03:44

Health: -16/36     AC:  8    Str: 11    XL:     7   Next: 28%
Magic:  11/12      EV: 11    Int: 18    God:    Vehumet [......]
Gold:   34         SH:  0    Dex: 10    Spells: 9/13 levels left

rFire   . . .      SeeInvis .    (no weapon)
rCold   . . .      Faith    .    (no shield)
rNeg    + . .      Spirit   .    a - +0 robe
rPois   ∞          Reflect  .    (no helmet)
rElec   +          Rampage  .    f - +0 cloak
rCorr   .                        s - +0 pair of gloves
Will    .....                    (no boots)
Stlth   ++                       (no amulet)
HPRegen 0.26/turn                (no ring)
MPRegen 0.13/turn                (no ring)

@: no status effects
A: sickness immunity, AC +4, negative energy resistance 1, electricity
resistance, torment resistance 1, petrification resistance
a: Renounce Religion


You were on level 5 of the Dungeon.
You worshipped Vehumet.
Vehumet was noncommittal.
You visited 2 branches of the dungeon, and saw 6 of its levels.

You collected 277 gold pieces.
You spent 243 gold pieces at shops.


Innate Abilities, Weirdness & Mutations

You are immune to sickness and miasma.
Your stone body is resilient. (AC +4)
You are immune to poison.
You resist negative energy. (rN+)
You are resistant to electric shocks. (rElec)
You are resistant to unholy torment.
You are immune to petrification.


   Skills:
 - Level 1.5 Dodging
 - Level 2.1 Stealth
 + Level 3.8 Spellcasting
 * Level 3.9 Conjurations
 - Level 0.7 Transmutations
 * Level 7.3 Earth Magic


You had 9 spell levels left.
You knew the following spells:

 Your Spells              Type           Power      Damage    Failure   Level
a - Sandblast             Erth           60%        2d14      1%          1
b - Stone Arrow           Conj/Erth      46%        3d9       4%          3

Your spell library contained the following spells:

 Spells                   Type           Power      Damage    Failure   Level
 Passwall                 Tmut/Erth      15%        N/A       4%          2
 Kiss of Death            Conj/Necr      40%        2d8       7%          1
 Apportation              Tloc           6%         N/A       16%         1
 Necrotise                Necr           12%        1d4       16%         1
 Slow                     Hex            12%        N/A       16%         1
 Summon Small Mammal      Summ           12%        N/A       16%         1
 Petrify                  Tmut/Erth      18%        N/A       28%         4
 Confusing Touch          Hex            3%         N/A       41%         3
 Portal Projectile        Hex/Tloc       6%         N/A       41%         3
 Tukima's Dance           Hex            3%         N/A       41%         3
 Vampiric Draining        Necr           3%         2d6       41%         3
 Dispel Undead            Necr           3%         3d7       83%         4
 Blade Hands              Tmut           3%         N/A       97%         5

Inventory:

Missiles
 e - 72 stones
Armour
 a - a +0 robe (worn)
 f - a +0 cloak (worn)
   (You found it on level 1 of the Dungeon)
 s - a +0 pair of gloves (worn)
   (You found it on level 4 of the Dungeon)
Jewellery
 I - a +6 ring of intelligence
   (You found it on level 4 of the Dungeon)
Wands
 r - a wand of charming (6)
   (You found it on level 4 of the Dungeon)
Scrolls
 c - 2 scrolls of teleportation {@r4}
 g - a scroll of torment {!r}
 m - a scroll of blinking {!r}
 o - a scroll of magic mapping {!r}
 p - a scroll of identify {@r1}
Potions
 b - 2 potions of magic
 d - 4 potions of flight
 h - 2 potions of lignification {unknown}
 i - 2 potions of curing {unknown}
 j - 3 potions of haste {@q3}
 k - 2 potions of heal wounds {@q2}
 l - a potion of degeneration {!q}
 n - a potion of cancellation
 q - a potion of mutation {unknown}
 u - a potion of might {unknown}

Dungeon Overview and Level Annotations

Branches:
Dungeon (5/15) Zot: 25877  Temple (1/1) D:5 Zot: 5774

Altars:
Ashenzari
Cheibriados
Dithmenos
Elyvilon
Gozag
Hepliaklqana
Kikubaaqudgha
Makhleb
Nemelex Xobeh
Okawaru
Qazlal
Ru
Sif Muna
Trog
Uskayaw
Vehumet
Wu Jian
Yredelemnul
The Shining One

Shops:
D:3 *   D:4 ???(

Annotations:
D:5 Pikel

.. ##................#
#.##.......#..#.......#
###..........#.##....#..... #
#...............##...#...<..
..#..####.....##...#..##......
........##........#..#. ......
#.........##........... .....
. ###....##..#...#..###.....
#...#.##..#.##@###...##..5K.
#......)....#)#....##........
##...##....##§#....##........
#..####.#..§§§..####.......#.
#.....#[##.§§#######.#.......
#.....)......#.##.#..#..?....
####.).8.8.8g5g.Kg...#.......
#.....⌠.⌠.......#..(.......
##...8.>.8......#.$g..?....


You could see a lemure (inner flame) and a gnoll (inner flame).


Message History

Done exploring.
Search for what [? for help]? veh
There is an open door here.
There is a radiant altar of Vehumet here.
You kneel at the altar of Vehumet.
Vehumet welcomes you!
(D) Dungeon (T) Temple
Where to? (Enter - Temple @ (x,y), ? - help)
There is an open door here.
There is a staircase back to the Dungeon here.
You climb upwards.
Welcome back to the Dungeon!
There is a staircase to the Ecumenical Temple here.
There is a fountain of clear blue water here.
A gnoll comes into view. It is wielding a +0 flail.
A gnoll is nearby!
A gnoll is nearby!
A gnoll is nearby!
A gnoll is nearby!
A lemure and a gnoll come into view.
The lemure shouts!
The gnoll shouts!
You hear a shout!
A lemure comes into view.
The gnoll moves out of view.
You see here 6 gold pieces. 2 gnolls come into view.
A gnoll is wielding a +0 vampiric whip.
The gnoll shouts! x2
The gnoll moves out of view.
Casting: Sandblast (safe; 1% risk of failure)
Confirm with . or Enter, or press ? or * to list all spells.
Aiming: Sandblast (safe; 1% risk of failure)
Press: ? - help, Shift-Dir - straight line, f - gnoll
Aim: a gnoll, wielding a +0 halberd and quivering 2 throwing nets (86% to hit)
The blast of sand hits the gnoll!
The gnoll closely misses you.
Casting: Sandblast (safe; 1% risk of failure)
Confirm with . or Enter, or press ? or * to list all spells.
Aiming: Sandblast (safe; 1% risk of failure)
Press: ? - help, Shift-Dir - straight line, f/p - gnoll
Aim: a gnoll, wielding a +0 halberd and quivering 2 throwing nets (severely wounded, 86% to hit)
The blast of sand hits the gnoll.
The gnoll hits you from afar with a +0 halberd.
The gnoll throws a throwing net.
The throwing net closely misses you.
There are monsters nearby!
Unknown command. 😕 HP[-3] MP[-2]
You take 3 damage, and now have 33/36 hp.
You lost 2 mp, and now have 10/12 mp.
Unknown command.
You see here 6 gold pieces. 😕 HP[+1]
A lemure comes into view.
Pikel, Merchant of Souls comes into view.
He is wielding a +2 whip of freezing and carrying a wand of flame (25). 😕 MP[+1] 😕 HP[+1]
The gnoll throws a throwing net.
The throwing net hits you.
You become entangled in the net!
You see here a throwing net {=f!f}.
You struggle against the net.
An orc priest comes into view. It is wielding a +0 dagger. 😎 HP[+1]
Your hp is fully restored (36).
You struggle against the net.
The gnoll hits you but does no damage.
You struggle against the net.
Pikel says, "You'll rot in Tartarus!"
The gnoll hits you with a +0 club. 😕 HP[-5] MP[+1]
You take 5 damage, and now have 31/36 hp.
Your mp is fully restored (12).
You rip the net and break free! 😕 HP[+1]
You see here a +0 pair of boots. 😕 HP[+1]
Okay, then.
As you read the scroll labelled QOIDEPS KAAK, it crumbles to dust.
The creatures around you are filled with an inner flame!
It was a scroll of immolation.
The gnoll barely misses you.
Okay, then.
Casting: Sandblast (safe; 1% risk of failure)
Confirm with . or Enter, or press ? or * to list all spells.
Aiming: Sandblast (safe; 1% risk of failure)
Press: ? - help, Shift-Dir - straight line, f/p - gnoll
Aim: a gnoll, wielding a +0 halberd (severely wounded, inner flame, 86% to hit)
The blast of sand hits the gnoll!
Vehumet accepts your kill.
The gnoll explodes!
The fiery explosion engulfs you!!
Ouch! That really hurt!
* * * LOW HITPOINT WARNING * * *
The fiery explosion engulfs the orc priest!!
Vehumet accepts your kill.
The orc priest explodes!
The fiery explosion engulfs the lemure!!
That felt strangely unrewarding.
The fiery explosion engulfs the gnoll!!!
Vehumet accepts your kill.
The gnoll explodes!
The fiery explosion engulfs the gnoll!!
Vehumet accepts your kill.
The gnoll explodes!
The lemure explodes!
You are engulfed in blazing flames.
Ouch! That really hurt!
You die...

Skill      XL: |  1  2  3  4  5  6 |
---------------+-------------------+-----
Earth Magic    | 4 5 6 7 |  7.3
Spellcasting   | 3 |  3.8
Conjurations   | 2 3 |  3.9
Dodging        | |  1.5
Stealth        | |  2.1
Transmutations | |  0.7

Action                     |  1- 3 |  4- 6 |  7- 9 || total
---------------------------+-------+-------+-------++-------
  Melee: Unarmed           |    13 |    10 |       ||    23
         Punch             |       |     1 |       ||     1
   Cast: Sandblast         |    48 |    95 |    15 ||   158
    Use: Scroll            |     3 |     6 |     1 ||    10
 Armour: Robe              |    10 |     6 |     5 ||    21
  Dodge: Dodged            |    20 |    41 |     3 ||    64

Levels and vault maps discovered:
D:1:      amcnicky_arrival_single_pillar, layout_loops_ring
D:2:      layout_loops_corners, nicolae_ecumenical_oubliette,
          roderic_roman_lattice, minmay_vboxes
D:3:      layout_basic, mainiacjoe_overflow_swirl, serial_shops,
          nicolae_shop_overgrown_old_shop, minmay_fountain_box,
          grunt_decor_fettered, chequers_decorated_corner
D:4:      layout_rooms, serial_shops, shop, shop, nicolae_shop_crystal, shop,
          serial_rivers, chequers_serial_rivers_large_b,
          chequers_serial_rivers_micro_d, chequers_serial_rivers_small_3,
          chequers_serial_rivers_micro_b, chequers_serial_rivers_marsh,
          chequers_serial_rivers_small_b
D:5:      layout_cave_pools, minmay_temple_entry_statues_fountains, uniq_pikel
Temple:   bh_familiar_temple

Notes
Turn   | Place    | Note
-------+----------+-------------------------------------------
     0 | D:1      | kae the Gargoyle Earth Elementalist began the quest for the
                  | Orb.
     0 | D:1      | Reached XP level 1. HP: 10/10 MP: 3/3
     0 | D:1      | magus.rc [v1.11.3]
    97 | D:1      | Reached skill level 4 in Earth Magic
   100 | D:1      | Reached XP level 2. HP: 15/15 MP: 1/5
   456 | D:1      | Reached XP level 3. HP: 19/19 MP: 3/6
   563 | D:1      | You pick up a book of Weapons and begin reading...
   563 | D:1      | You add the spells Tukima's Dance, Portal Projectile and
                  | Blade Hands to your library.
   725 | D:1      | You pick up a book of Debilitation and begin reading...
   725 | D:1      | You add the spells Slow, Vampiric Draining and Confusing
                  | Touch to your library.
   816 | D:2      | Learned a level 3 spell: Stone Arrow
  1050 | D:2      | Found a faded altar of an unknown god.
  1066 | D:2      | Reached skill level 5 in Earth Magic
  1090 | D:2      | Reached XP level 4. HP: 24/24 MP: 1/8
  1396 | D:2      | Identified the +1 short sword of Lioloerph {freeze, rElec
                  | Will+ rCorr}
  1522 | D:2      | Reached skill level 3 in Spellcasting
  1761 | D:2      | You pick up a book of Cantrips and begin reading...
  1761 | D:2      | You add the spells Necrotise, Summon Small Mammal and
                  | Apportation to your library.
  2087 | D:3      | Found Rezit's Assorted Antiques.
  2094 | D:3      | Reached XP level 5. HP: 28/28 MP: 7/9
  2098 | D:3      | Bought a bubbling orange potion for 23 gold pieces
  2516 | D:3      | Found an iron altar of Okawaru.
  2525 | D:3      | Found a glowing golden altar of the Shining One.
  2770 | D:4      | Found Qasuw's Magic Scroll Emporium.
  2774 | D:4      | Reached skill level 1 in Conjurations
  2774 | D:4      | Reached skill level 6 in Earth Magic
  2813 | D:4      | Bought a scroll of blinking for 82 gold pieces
  2813 | D:4      | Bought a scroll of identify for 22 gold pieces
  2840 | D:4      | Found Tenneo's Magic Scroll Boutique.
  2879 | D:4      | Reached skill level 2 in Conjurations
  2879 | D:4      | Reached XP level 6. HP: 29/32 MP: 1/10
  2945 | D:4      | Bought a scroll of magic mapping for 90 gold pieces
  2978 | D:4      | Found Ofoiwis's Magic Scroll Boutique.
  3057 | D:4      | Bought a scroll of identify for 26 gold pieces
  3073 | D:4      | Reached skill level 3 in Conjurations
  3151 | D:4      | You pick up a book of Touch and begin reading...
  3151 | D:4      | You add the spells Kiss of Death and Dispel Undead to your
                  | library.
  3410 | D:4      | Found Siav's Weapon Shop.
  3589 | D:4      | Reached skill level 7 in Earth Magic
  3760 | D:5      | Entered Level 5 of the Dungeon
  3796 | D:5      | Reached XP level 7. HP: 36/36 MP: 9/12
  3926 | D:5      | Found a staircase to the Ecumenical Temple.
  3940 | Temple   | Entered the Ecumenical Temple
  4150 | Temple   | Became a worshipper of Vehumet
  4189 | D:5      | Noticed Pikel
  4206 | D:5      | HP: 7/36 [spore (26)]
  4206 | D:5      | Engulfed by a cloud of flame

Vanquished Creatures
  An ogre (D:4)
  A lemure (D:5)
  2 scorpions
  A gnoll bouda (D:4)
  2 orc priests (D:5)
  3 orc wizards
  8 gnolls
  4 adders
  A white imp (D:5)
  2 worms
  A dart slug (D:2)
  14 orcs
  8 endoplasms
  6 giant cockroaches
  7 goblins
  12 hobgoblins
  4 jackals (D:3)
  4 quokkas
  13 ball pythons
  4 bats
  5 frilled lizards
  5 kobolds
  4 rats
112 creatures vanquished.

Table legend:
 A = Non-vault XP
 B = Vault XP
 C = Vault XP percentage of total XP
 D = Non-vault monster count
 E = Vault monster count
 F = Vault count percentage of total count
                 A         B        C        D         E       F
            +---------+---------+-------+---------+---------+-------
      Total |     860 |       8 |   0.9 |     106 |       5 |   4.5
            +---------+---------+-------+---------+---------+-------
        D:1 |      46 |       0 |   0.0 |      30 |       0 |   0.0
        D:2 |     101 |       8 |   7.3 |      25 |       5 |  16.7
        D:3 |      46 |       0 |   0.0 |      16 |       0 |   0.0
        D:4 |     384 |       0 |   0.0 |      23 |       0 |   0.0
        D:5 |     283 |       0 |   0.0 |      12 |       0 |   0.0
            +---------+---------+-------+---------+---------+-------

Illustrated notes

Table legend:
 A = Kills in this place as a percentage of kills in the entire game.
 B = Kills by you in this place as a percentage of kills by you in the entire game.
 C = Kills by friends in this place as a percentage of kills by friends in the entire game.
 D = Other kills in this place as a percentage of other kills in the entire game.
 E = Experience gained in this place as a percentage of experience gained in the entire game.
 F = Experience gained in this place divided by the number of levels of this place that you have seen.
                   A       B       C       D       E      F
               +-------+-------+-------+-------+-------+----------------------
         Total | 100.0 | 100.0 |   N/A |   N/A | 100.0 | 144.7
       Dungeon | 100.0 | 100.0 |   N/A |   N/A | 100.0 | 173.6
               +-------+-------+-------+-------+-------+----------------------

Table legend: (Time is in decaauts)
 A = Elapsed time spent in this place.
 B = Non-inter-level travel time spent in this place.
 C = Inter-level travel time spent in this place.
 D = Time resting spent in this place.
 E = Time spent auto-exploring this place.
 F = Levels seen in this place.
 G = Mean time per level.
                   A        B        C        D        E       F      G
               +--------+--------+--------+--------+--------+-----+--------+
         Total |   4348 |   4203 |    145 |     93 |   3521 |   6 |  724.7 |
       Dungeon |   4122 |   3999 |    123 |     93 |   3322 |   5 |  824.4 |
        Temple |    225 |    203 |     22 |      0 |    199 |   1 |  225.0 |
               +--------+--------+--------+--------+--------+-----+--------+

Top non-repeatable levels by time:
     D:2: 1114 daAuts
     D:4: 1073 daAuts
     D:3: 881 daAuts
     D:1: 824 daAuts
     D:5: 228 daAuts
  Temple: 225 daAuts
